General information
			
			
        
        - name: BNet
 
        - type: Ladder team game (AT/RT)
 
        - host: Battle.net
 
        - saver: MsY]DOGANDHORSE
 
        
map: SunrockCove 
        - players: 6
 
        - length: 32:46
 
        - speed: Fast
 - version: 1.26 W3XP
 - replay type:  

 
» download(254 KB)
Players
        team 1 (loser) 
              
              
» 
Joe-Glump (
orange | 61 APM | 1914 actions | 31:16)
              
 3 Mountain King 
 2 Storm Bolt
 1 Bash
 2 Paladin 
 1 Holy Light
 1 Devotion Aura
 
                » actions 
                
                | Assign group hotkey | 30 |  | 
| Basic commands | 9 |  | 
| Build / train | 114 |  | 
| Enter build submenu | 31 |  | 
| Enter hero's abilities submenu | 6 |  | 
| Give item / drop item | 8 |  | 
| Remove unit from queue | 13 |  | 
| Right click | 839 |  | 
| Select / deselect | 348 |  | 
| Select group hotkey | 415 |  | 
| Use ability | 101 |  | 
                1914 total
 » units 
                
                | Peasant | 23 |  | 
| Footman | 13 |  | 
| Spell Breaker | 4 |  | 
| Knight | 6 |  | 
| Flying Machine | 8 |  | 
| Siege Engine | 4 |  | 
| Mortar Team | 3 |  | 
                61 total
 » upgrades
                
                | Defend | 0 |  | 
| Swords | 2 |  | 
| Plating | 5 |  | 
| Lumber Harvesting | 2 |  | 
| Gunpowder | 3 |  | 
| Flying Machine Bombs | 1 |  | 
| Flak Cannons | 1 |  | 
| Barrage | 1 |  | 
| Animal War Training | 1 |  | 
| Fragmentation Shards | 1 |  | 
| Flare | 1 |  | 
| Masonry | 2 |  | 
                20 total
 » buildings
                
                | Altar of Kings | 1 |  | 
| Farm | 13 |  | 
| Barracks | 2 |  | 
| Scout Tower | 4 |  | 
| Lumber Mill | 1 |  | 
| Arcane Tower | 1 |  | 
| Keep | 3 |  | 
| Arcane Vault | 1 |  | 
| Guard Tower | 2 |  | 
| Blacksmith | 1 |  | 
| Arcane Sanctum | 1 |  | 
| Town Hall | 2 |  | 
| Castle | 2 |  | 
| Workshop | 2 |  | 
                36 total
 » build order
                00:06 Altar of Kings
00:09 Farm
00:19 Barracks
00:55 Farm
01:38 Scout Tower
02:00 Farm
02:09 Lumber Mill
02:15 Arcane Tower
02:58 Scout Tower
03:06 Scout Tower
03:20 Keep
03:20 Keep
03:38 Arcane Vault
03:41 Guard Tower
03:53 Blacksmith
05:19 Farm
06:00 Arcane Sanctum
08:04 Scout Tower
08:26 Town Hall
08:59 Guard Tower
09:51 Farm
10:23 Castle
10:23 Castle
12:03 Barracks
12:40 Workshop
13:20 Workshop
14:15 Farm
15:02 Farm
16:06 Farm
16:28 Farm
16:33 Farm
16:51 Farm
18:03 Farm
18:05 Farm
27:59 Town Hall
» items
                
                | Scroll of Regeneration | 3 |  | 
| Lesser Clarity Potion | 2 |  | 
| Scroll of Town Portal | 2 |  | 
                7 total
  
               
              
              
MightySwarm (
teal | 82 APM | 2658 actions | 32:18)
              
 4 Archmage 
 1 Summon Water Elemental
 1 Brilliance Aura
 2 Blizzard
 2 Pit Lord 
 1 Rain of Fire
 1 Cleaving Attack
 1 Naga Sea Witch 
 1 Frost Arrows
 
                » actions 
                
                | Assign group hotkey | 128 |  | 
| Basic commands | 107 |  | 
| Build / train | 103 |  | 
| ESC pressed | 5 |  | 
| Enter build submenu | 56 |  | 
| Enter hero's abilities submenu | 7 |  | 
| Give item / drop item | 2 |  | 
| Remove unit from queue | 12 |  | 
| Right click | 866 |  | 
| Select / deselect | 551 |  | 
| Select group hotkey | 596 |  | 
| Use ability | 225 |  | 
                2658 total
 » units 
                
                | Peasant | 20 |  | 
| Rifleman | 8 |  | 
| Goblin Zeppelin | 1 |  | 
| Goblin Shredder | 1 |  | 
| Siege Engine | 3 |  | 
| Dragonhawk Rider | 2 |  | 
                35 total
 » upgrades
                
                | Armor | 1 |  | 
| Long Rifles | 1 |  | 
| Lumber Harvesting | 1 |  | 
| Masonry | 1 |  | 
| Barrage | 1 |  | 
| Fragmentation Shards | 1 |  | 
| Flare | 1 |  | 
| Cloud | 1 |  | 
| Gunpowder | 1 |  | 
| Plating | 1 |  | 
                10 total
 » buildings
                
                | Altar of Kings | 1 |  | 
| Farm | 13 |  | 
| Blacksmith | 1 |  | 
| Barracks | 1 |  | 
| Scout Tower | 23 |  | 
| Arcane Tower | 4 |  | 
| Arcane Vault | 3 |  | 
| Keep | 2 |  | 
| Lumber Mill | 2 |  | 
| Guard Tower | 13 |  | 
| Workshop | 3 |  | 
| Town Hall | 2 |  | 
| Castle | 2 |  | 
| Gryphon Aviary | 4 |  | 
                74 total
 » build order
                00:20 Altar of Kings
00:30 Farm
01:22 Farm
01:34 Blacksmith
01:41 Barracks
02:06 Scout Tower
02:51 Arcane Tower
03:27 Arcane Vault
03:49 Farm
05:10 Scout Tower
05:42 Keep
05:43 Keep
06:00 Arcane Tower
06:37 Scout Tower
06:39 Scout Tower
06:40 Scout Tower
06:45 Lumber Mill
07:57 Farm
08:00 Farm
08:08 Guard Tower
08:50 Guard Tower
08:51 Guard Tower
09:27 Farm
09:28 Farm
11:11 Farm
11:12 Farm
12:40 Workshop
12:41 Workshop
12:44 Scout Tower
12:46 Scout Tower
12:54 Workshop
13:01 Town Hall
13:06 Scout Tower
13:26 Arcane Tower
13:27 Arcane Tower
13:31 Guard Tower
13:36 Scout Tower
13:42 Scout Tower
14:14 Guard Tower
14:20 Guard Tower
14:20 Guard Tower
14:20 Guard Tower
14:41 Lumber Mill
15:33 Scout Tower
15:37 Arcane Vault
16:05 Castle
16:05 Castle
16:38 Guard Tower
16:43 Scout Tower
16:43 Scout Tower
16:43 Scout Tower
16:44 Scout Tower
16:51 Arcane Vault
17:18 Guard Tower
19:45 Scout Tower
19:47 Scout Tower
20:09 Gryphon Aviary
20:09 Gryphon Aviary
20:13 Gryphon Aviary
20:14 Gryphon Aviary
20:19 Farm
20:21 Farm
20:24 Farm
20:25 Farm
20:31 Guard Tower
24:34 Town Hall
27:44 Scout Tower
27:44 Scout Tower
27:44 Scout Tower
27:45 Scout Tower
27:46 Scout Tower
27:51 Scout Tower
29:00 Guard Tower
» items
                
                | Lesser Clarity Potion | 1 |  | 
| Scroll of Regeneration | 1 |  | 
| Potion of Healing | 4 |  | 
| Potion of Mana | 3 |  | 
| Scroll of Town Portal | 1 |  | 
                10 total
  
               
              
              
The_zarko (
pink | 87 APM | 2847 actions | 32:45)
              
 4 Death Knight 
 2 Death Coil
 2 Unholy Aura
 2 Lich 
 1 Frost Nova
 1 Frost Armor
 1 Pit Lord 
 1 Rain of Fire
 
                » actions 
                
                | Assign group hotkey | 45 |  | 
| Basic commands | 95 |  | 
| Build / train | 113 |  | 
| Enter build submenu | 27 |  | 
| Enter hero's abilities submenu | 7 |  | 
| Give item / drop item | 5 |  | 
| Remove unit from queue | 3 |  | 
| Right click | 1232 |  | 
| Select / deselect | 456 |  | 
| Select group hotkey | 706 |  | 
| Use ability | 158 |  | 
                2847 total
 » units 
                
                | Acolyte | 25 |  | 
| Ghoul | 8 |  | 
| Crypt Fiend | 8 |  | 
| Frost Wyrm | 13 |  | 
| Goblin Shredder | 1 |  | 
| Goblin Zeppelin | 2 |  | 
                57 total
 » upgrades
                
                | Web | 1 |  | 
| Creature Attack | 3 |  | 
| Creature Carapace | 3 |  | 
| Freezing Breath | 1 |  | 
                8 total
 » buildings
                
                | Crypt | 1 |  | 
| Altar of Darkness | 1 |  | 
| Ziggurat | 12 |  | 
| Tomb of Relics | 1 |  | 
| Graveyard | 1 |  | 
| Nerubian Tower | 3 |  | 
| Halls of the Dead | 2 |  | 
| Necropolis | 3 |  | 
| Spirit Tower | 7 |  | 
| Black Citadel | 2 |  | 
| Sacrificial Pit | 1 |  | 
| Boneyard | 2 |  | 
                36 total
 » build order
                00:23 Crypt
00:27 Altar of Darkness
00:35 Ziggurat
01:06 Tomb of Relics
01:15 Graveyard
01:44 Ziggurat
02:49 Nerubian Tower
02:49 Nerubian Tower
04:16 Halls of the Dead
04:17 Halls of the Dead
05:09 Necropolis
06:03 Spirit Tower
06:38 Ziggurat
06:39 Ziggurat
06:46 Ziggurat
07:36 Spirit Tower
07:37 Spirit Tower
07:39 Nerubian Tower
08:01 Black Citadel
08:01 Black Citadel
08:25 Sacrificial Pit
08:47 Ziggurat
09:41 Spirit Tower
11:46 Boneyard
11:48 Boneyard
13:03 Ziggurat
13:05 Ziggurat
19:35 Necropolis
21:15 Ziggurat
21:16 Ziggurat
21:50 Ziggurat
22:10 Spirit Tower
22:31 Ziggurat
23:14 Spirit Tower
23:26 Spirit Tower
30:50 Necropolis
» items
                
                | Rod of Necromancy | 1 |  | 
| Dust of Appearance | 1 |  | 
| Scroll of Town Portal | 3 |  | 
| Potion of Healing | 5 |  | 
| Scroll of Healing | 2 |  | 
| Boots of Speed | 1 |  | 
| Potion of Lesser Invulnerability | 4 |  | 
| Periapt of Vitality | 1 |  | 
| Scroll of Protection | 1 |  | 
                19 total
  
               team 2 (winner) 
              
              
BetUWishUNoSrch (
yellow | 92 APM | 3001 actions | 32:46)
              
 4 Warden 
 2 Shadow Strike
 2 Blink
 3 Pandaren Brewmaster 
 2 Breath of Fire
 1 Drunken Haze
 
                » actions 
                
                | Assign group hotkey | 4 |  | 
| Basic commands | 22 |  | 
| Build / train | 64 |  | 
| ESC pressed | 10 |  | 
| Enter build submenu | 30 |  | 
| Enter hero's abilities submenu | 7 |  | 
| Give item / drop item | 7 |  | 
| Right click | 1760 |  | 
| Select / deselect | 237 |  | 
| Select group hotkey | 696 |  | 
| Use ability | 164 |  | 
                3001 total
 » units 
                » upgrades
                
                | Nature's Blessing | 1 |  | 
| Ultravision | 1 |  | 
| Well Spring | 1 |  | 
| Strength of the Wild | 3 |  | 
| Druid of the Talon Training | 2 |  | 
| Corrosive Breath | 1 |  | 
| Reinforced Hides | 4 |  | 
| Mark of the Talon | 1 |  | 
                14 total
 » buildings
                
                | Altar of Elders | 1 |  | 
| Moon Well | 13 |  | 
| Tree of Ages | 1 |  | 
| Tree of Life | 5 |  | 
| Hunter's Hall | 1 |  | 
| Tree of Eternity | 1 |  | 
| Ancient of Wonders | 1 |  | 
| Ancient of Wind | 2 |  | 
| Chimaera Roost | 2 |  | 
| Ancient Protector | 3 |  | 
                30 total
 » build order
                00:03 Altar of Elders
00:18 Moon Well
01:27 Moon Well
04:24 Tree of Ages
04:47 Tree of Life
05:08 Moon Well
05:57 Hunter's Hall
06:30 Moon Well
06:47 Tree of Eternity
07:54 Ancient of Wonders
08:20 Moon Well
08:21 Moon Well
08:30 Moon Well
08:31 Moon Well
10:04 Ancient of Wind
11:44 Chimaera Roost
11:46 Chimaera Roost
16:03 Tree of Life
18:03 Moon Well
18:06 Moon Well
18:21 Tree of Life
25:43 Moon Well
25:45 Moon Well
25:47 Moon Well
28:17 Ancient of Wind
30:36 Tree of Life
31:44 Tree of Life
31:56 Ancient Protector
31:56 Ancient Protector
31:57 Ancient Protector
» items
                
                | Staff of Teleportation | 2 |  | 
| Boots of Speed | 2 |  | 
| Orb of Lightning | 1 |  | 
| Orb of Venom | 1 |  | 
| Staff of Sanctuary | 2 |  | 
                8 total
  
               
              
              
Birdeneering (
blue | 127 APM | 4160 actions | 32:46)
              
 5 Archmage 
 3 Blizzard
 2 Brilliance Aura
 5 Blood Mage 
 3 Flame Strike
 2 Siphon Mana
 2 Mountain King 
 1 Storm Bolt
 1 Bash
 
                » actions 
                
                | Assign group hotkey | 620 |  | 
| Basic commands | 9 |  | 
| Build / train | 135 |  | 
| Enter build submenu | 120 |  | 
| Enter hero's abilities submenu | 12 |  | 
| Give item / drop item | 5 |  | 
| Right click | 1625 |  | 
| Select / deselect | 359 |  | 
| Select group hotkey | 1009 |  | 
| Use ability | 266 |  | 
                4160 total
 » units 
                
                | Peasant | 20 |  | 
| Goblin Zeppelin | 1 |  | 
                21 total
 » upgrades
                
                | Masonry | 3 |  | 
| Magic Sentry | 1 |  | 
| Lumber Harvesting | 1 |  | 
                5 total
 » buildings
                
                | Altar of Kings | 1 |  | 
| Lumber Mill | 1 |  | 
| Farm | 4 |  | 
| Scout Tower | 125 |  | 
| Arcane Tower | 8 |  | 
| Guard Tower | 66 |  | 
| Arcane Vault | 7 |  | 
| Keep | 1 |  | 
| Town Hall | 1 |  | 
| Castle | 4 |  | 
| Arcane Sanctum | 1 |  | 
                219 total
 » build order
                00:18 Altar of Kings
00:33 Lumber Mill
00:51 Farm
01:19 Farm
01:22 Scout Tower
01:37 Scout Tower
01:38 Scout Tower
01:50 Arcane Tower
01:51 Guard Tower
01:52 Scout Tower
02:00 Farm
02:14 Arcane Tower
02:14 Arcane Tower
02:14 Arcane Tower
02:16 Scout Tower
02:21 Guard Tower
02:22 Scout Tower
02:38 Arcane Vault
03:04 Guard Tower
03:06 Scout Tower
03:07 Guard Tower
03:10 Scout Tower
03:11 Scout Tower
03:34 Guard Tower
03:35 Scout Tower
04:12 Guard Tower
04:13 Scout Tower
04:16 Scout Tower
05:00 Guard Tower
05:00 Guard Tower
05:02 Scout Tower
05:09 Guard Tower
05:11 Scout Tower
05:35 Scout Tower
05:37 Scout Tower
06:09 Guard Tower
06:10 Scout Tower
06:11 Scout Tower
06:13 Guard Tower
06:16 Scout Tower
06:22 Keep
06:52 Guard Tower
06:53 Scout Tower
07:30 Guard Tower
07:42 Scout Tower
07:43 Scout Tower
07:45 Guard Tower
07:47 Scout Tower
07:48 Scout Tower
07:50 Scout Tower
08:32 Farm
08:40 Town Hall
08:50 Scout Tower
08:52 Scout Tower
08:52 Scout Tower
08:53 Scout Tower
08:53 Scout Tower
08:54 Scout Tower
08:56 Scout Tower
08:57 Scout Tower
08:57 Scout Tower
08:58 Scout Tower
08:58 Scout Tower
08:59 Scout Tower
09:01 Guard Tower
09:02 Scout Tower
09:04 Guard Tower
09:06 Scout Tower
09:07 Scout Tower
09:37 Guard Tower
09:39 Scout Tower
09:40 Scout Tower
09:52 Arcane Tower
09:53 Arcane Tower
09:55 Guard Tower
10:25 Guard Tower
11:20 Guard Tower
11:33 Guard Tower
11:36 Scout Tower
11:37 Guard Tower
11:39 Scout Tower
11:43 Scout Tower
11:43 Scout Tower
11:44 Scout Tower
11:44 Scout Tower
11:46 Scout Tower
11:47 Scout Tower
11:51 Guard Tower
12:07 Castle
12:08 Castle
12:08 Castle
12:35 Guard Tower
12:36 Scout Tower
12:36 Scout Tower
12:41 Arcane Tower
12:42 Guard Tower
12:47 Arcane Sanctum
12:55 Scout Tower
12:56 Scout Tower
13:03 Scout Tower
13:04 Guard Tower
13:19 Scout Tower
13:20 Scout Tower
13:20 Scout Tower
13:21 Scout Tower
13:30 Guard Tower
13:31 Guard Tower
13:31 Guard Tower
13:43 Scout Tower
13:44 Scout Tower
13:55 Guard Tower
13:58 Scout Tower
13:58 Scout Tower
14:01 Guard Tower
14:10 Guard Tower
14:13 Arcane Vault
14:14 Scout Tower
14:14 Scout Tower
14:37 Guard Tower
14:39 Scout Tower
14:40 Scout Tower
14:45 Arcane Vault
14:46 Scout Tower
14:46 Scout Tower
14:55 Guard Tower
14:57 Arcane Vault
15:01 Arcane Vault
15:03 Scout Tower
15:04 Scout Tower
15:08 Scout Tower
15:08 Scout Tower
15:13 Guard Tower
15:14 Scout Tower
15:15 Scout Tower
15:35 Guard Tower
15:37 Guard Tower
15:43 Scout Tower
15:44 Scout Tower
15:45 Guard Tower
15:46 Scout Tower
16:01 Guard Tower
16:27 Guard Tower
16:31 Guard Tower
16:36 Arcane Vault
16:37 Guard Tower
16:52 Guard Tower
16:55 Scout Tower
17:04 Scout Tower
17:07 Scout Tower
17:35 Guard Tower
18:05 Scout Tower
18:06 Scout Tower
18:09 Guard Tower
18:10 Scout Tower
18:11 Scout Tower
18:12 Guard Tower
18:13 Scout Tower
18:19 Scout Tower
18:20 Scout Tower
18:43 Scout Tower
18:45 Guard Tower
18:49 Scout Tower
18:51 Guard Tower
18:53 Arcane Tower
19:04 Guard Tower
19:05 Scout Tower
19:47 Guard Tower
19:54 Guard Tower
19:56 Scout Tower
19:59 Guard Tower
20:04 Guard Tower
20:20 Scout Tower
20:21 Scout Tower
20:39 Scout Tower
20:39 Scout Tower
20:46 Guard Tower
20:52 Scout Tower
21:22 Guard Tower
21:24 Scout Tower
21:25 Scout Tower
22:47 Guard Tower
22:48 Scout Tower
22:49 Scout Tower
22:54 Scout Tower
22:55 Guard Tower
23:16 Scout Tower
23:17 Scout Tower
23:33 Scout Tower
23:40 Scout Tower
23:54 Scout Tower
24:12 Guard Tower
24:53 Guard Tower
24:55 Scout Tower
24:57 Scout Tower
24:59 Arcane Vault
25:22 Scout Tower
25:22 Guard Tower
25:24 Guard Tower
26:29 Guard Tower
26:49 Guard Tower
27:33 Scout Tower
27:33 Scout Tower
27:34 Scout Tower
27:35 Scout Tower
27:35 Scout Tower
27:36 Scout Tower
27:41 Guard Tower
27:42 Scout Tower
32:20 Guard Tower
32:22 Scout Tower
32:23 Scout Tower
32:24 Scout Tower
32:25 Scout Tower
32:25 Scout Tower
32:26 Scout Tower
32:27 Scout Tower
32:28 Scout Tower
» items
                
                | Boots of Speed | 3 |  | 
| Staff of Teleportation | 3 |  | 
| Lesser Clarity Potion | 1 |  | 
| Healing Salve | 2 |  | 
| Orb of Lightning | 3 |  | 
| Staff of Sanctuary | 2 |  | 
                14 total
  
               
              
              
MsY]DOGANDHORSE (
purple | 90 APM | 2951 actions | 32:46)
              
 6 Blademaster 
 2 Wind Walk
 3 Critical Strike
 1 Bladestorm
 
                » actions 
                
                | Assign group hotkey | 16 |  | 
| Basic commands | 2 |  | 
| Build / train | 82 |  | 
| Enter build submenu | 48 |  | 
| Enter hero's abilities submenu | 6 |  | 
| Give item / drop item | 2 |  | 
| Remove unit from queue | 7 |  | 
| Right click | 1872 |  | 
| Select / deselect | 377 |  | 
| Select group hotkey | 353 |  | 
| Use ability | 185 |  | 
                2951 total
 » units 
                
                | Peon | 12 |  | 
| Troll Batrider | 24 |  | 
| Goblin Zeppelin | 6 |  | 
                42 total
 » upgrades
                
                | Ranged Weapons | 3 |  | 
| Liquid Fire | 1 |  | 
| Reinforced Defenses | 1 |  | 
| Armor | 2 |  | 
                7 total
 » buildings
                
                | Altar of Storms | 1 |  | 
| Orc Burrow | 4 |  | 
| War Mill | 1 |  | 
| Voodoo Lounge | 3 |  | 
| Watch Tower | 40 |  | 
| Stronghold | 3 |  | 
| Beastiary | 4 |  | 
| Fortress | 1 |  | 
| Great Hall | 2 |  | 
                59 total
 » build order
                00:09 Altar of Storms
00:19 Orc Burrow
00:34 War Mill
01:16 Voodoo Lounge
01:50 Watch Tower
02:05 Watch Tower
02:32 Watch Tower
02:46 Stronghold
02:46 Stronghold
02:47 Stronghold
03:07 Watch Tower
03:53 Watch Tower
04:21 Watch Tower
04:59 Watch Tower
05:02 Orc Burrow
05:11 Beastiary
05:27 Watch Tower
06:05 Watch Tower
06:06 Fortress
06:52 Orc Burrow
06:53 Orc Burrow
07:01 Voodoo Lounge
07:22 Watch Tower
07:40 Watch Tower
08:38 Voodoo Lounge
08:45 Watch Tower
08:47 Beastiary
09:17 Watch Tower
09:18 Watch Tower
11:43 Watch Tower
11:44 Watch Tower
11:45 Watch Tower
11:51 Watch Tower
13:01 Watch Tower
13:03 Watch Tower
13:04 Watch Tower
15:25 Watch Tower
15:26 Watch Tower
15:27 Watch Tower
16:20 Watch Tower
16:21 Watch Tower
16:22 Watch Tower
16:23 Watch Tower
24:19 Great Hall
24:24 Beastiary
24:28 Beastiary
24:33 Watch Tower
24:34 Watch Tower
24:35 Watch Tower
24:37 Watch Tower
24:39 Watch Tower
27:51 Watch Tower
29:52 Great Hall
30:15 Watch Tower
30:39 Watch Tower
30:40 Watch Tower
30:41 Watch Tower
30:43 Watch Tower
30:48 Watch Tower
» items
                
                | Healing Salve | 2 |  | 
| Lesser Clarity Potion | 6 |  | 
| Boots of Speed | 1 |  | 
| Staff of Teleportation | 1 |  | 
| Dust of Appearance | 1 |  | 
| Orb of Lightning | 1 |  | 
                12 total
  
                Chat log
          (00:26 / All) BetUWishUNoSrch: Hello Friends
(00:31 / All) Joe-Glump: hi
(06:12 / All) MsY]DOGANDHORSE: lol!
(06:18 / All) Joe-Glump: xD
(20:27 / All) Birdeneering: stop trying please fintrash
(22:09 / All) Joe-Glump: nice game guys, we gonna play all he night
(22:11 / All) Joe-Glump: good job
(22:14 / All) MsY]DOGANDHORSE: lol!
(22:15 / All) BetUWishUNoSrch: huh
(23:36 / All) Birdeneering: really orange??
(23:41 / All) Joe-Glump: y
(24:07 / All) Birdeneering: aww
(26:49 / All) MsY]DOGANDHORSE: play all night????? lol
(27:06 / All) Joe-Glump: so stupid game
(27:15 / All) Birdeneering: yeah u are
(28:06 / All) Birdeneering: hey w8 someone at the door
(28:11 / All) Birdeneering: guys w9
(28:13 / All) MsY]DOGANDHORSE: thanx joe
(28:14 / All) BetUWishUNoSrch: my mom is here w/ my pizza shut tfu...
(28:14 / All) Birdeneering: Pizza's here
(28:16 / All) Birdeneering: Manner up please
(28:20 / All) Birdeneering: manner game?
(28:24 / All) BetUWishUNoSrch: i gotta get help my mom bring pizza in come on wtf
(28:25 / All) Joe-Glump: np
(28:28 / All) Birdeneering: come one
(28:37 / All) Joe-Glump: u dont need pause, u has enought towers
(28:50 / All) Birdeneering: no this is pizza not towers didn't u listen?
(28:50 / All) MsY]DOGANDHORSE: try killing some!
(28:51 / All) Birdeneering: u bad manner?=
(28:59 / All) BetUWishUNoSrch: (38:30 / All) The_zarko: mb in some years u learn good bnet
(29:04 / All) BetUWishUNoSrch: (38:30 / All) The_zarko: mb in some years u learn good bnet
(29:07 / All) The_zarko: :O
(29:10 / All) MsY]DOGANDHORSE: http://highper.ch/
(29:19 / All) Birdeneering: take some time to check out www.highper.ch
(29:21 / All) BetUWishUNoSrch: (44:34 / All) MightySwarm: FUK U LAMERS
(29:29 / All) Birdeneering: that was 44 minutes into the game
(29:38 / All) Birdeneering: not as long as this will be
(30:34 / All) Birdeneering: you're not progressing very rapidly
(30:37 / All) Birdeneering: u slow son?
(30:53 / All) Birdeneering: young bad manner child...
(30:58 / All) Birdeneering: barely 8 winters old
(31:20 / All) BetUWishUNoSrch: cya
(31:22 / All) MsY]DOGANDHORSE: lol!
(31:27 / All) BetUWishUNoSrch: (44:41 / All) nutsonyochin.DE: CYA
(31:27 / All) MsY]DOGANDHORSE: 1 sec
(31:28 / All) BetUWishUNoSrch: (44:41 / All) nutsonyochin.DE: CYA
(31:29 / All) BetUWishUNoSrch: (44:41 / All) nutsonyochin.DE: CYA
(31:29 / All) BetUWishUNoSrch: (44:41 / All) nutsonyochin.DE: CYA
(31:30 / All) BetUWishUNoSrch: (44:41 / All) nutsonyochin.DE: CYA
(31:31 / All) BetUWishUNoSrch: (44:41 / All) nutsonyochin.DE: CYA
(31:43 / All) Birdeneering: you were really bad...
(32:08 / All) Birdeneering: bye noobies
(32:09 / All) MightySwarm: Zzzz
(32:21 / All) BetUWishUNoSrch: (44:41 / All) nutsonyochin.DE: CYA
(32:22 / All) BetUWishUNoSrch: (44:41 / All) nutsonyochin.DE: CYA
(32:22 / All) BetUWishUNoSrch: (44:41 / All) nutsonyochin.DE: CYA
(32:23 / All) BetUWishUNoSrch: (44:41 / All) nutsonyochin.DE: CYA
(32:23 / All) BetUWishUNoSrch: (44:41 / All) nutsonyochin.DE: CYA
(32:24 / All) BetUWishUNoSrch: (44:41 / All) nutsonyochin.DE: CYA
(32:24 / All) BetUWishUNoSrch: (44:41 / All) nutsonyochin.DE: CYA
(32:28 / All) The_zarko: learn to play..
(32:30 / All) The_zarko: ..
(32:32 / All) MsY]DOGANDHORSE: LOL
(32:33 / All) The_zarko: learn to play one game
(32:35 / All) Birdeneering: why can't you kill towers??
(32:35 / All) MsY]DOGANDHORSE: learn to kill a tower
(32:36 / All) MsY]DOGANDHORSE: one tower
(32:37 / All) The_zarko: fucking noob
(32:38 / All) MsY]DOGANDHORSE: kill one
(32:38 / All) BetUWishUNoSrch: dobnt leave
(32:39 / All) MsY]DOGANDHORSE: lmao
(32:40 / All) BetUWishUNoSrch: 1 sec
(32:41 / All) MsY]DOGANDHORSE: stay all nite
(32:41 / All) The_zarko: NOOOOBS
(32:43 / All) MsY]DOGANDHORSE: stay all night please
(32:45 / All) The_zarko: NOOOOOOOOOOOOOOOOOBS